 Dungeon Crawl Stone Soup version 0.30.1-11-g7821555f0a (webtiles) character file.

Game seed: 16651902204999304802

354 SacredBeard the Grave Robber (level 6, 0/41 HPs)
             Began as a Demonspawn Necromancer on Nov 6, 2023.
             Slain by an orc wizard
             ... wielding a +0 dagger
              (3 damage)
             ... on level 4 of the Dungeon.
             The game lasted 00:06:38 (3155 turns).

SacredBeard the Grave Robber (DsNe)                 Turns: 3155, Time: 00:06:39

Health: 0/41       AC: 12    Str:  8    XL:     6   Next: 35%
Magic:  12/12      EV:  8    Int: 14    God:
Gold:   151        SH:  0    Dex: 19    Spells: 12/13 levels left

rFire   + . .        p - +6 hand axe "Kienent" {drain, rF+ Dex+3}
rCold   . . .        (no shield)
rNeg    + . .        o - +6 scale mail of the Wheelwright {rN+ Int-2 SInv}
rPois   .            (helmet restricted)
rElec   .            (no cloak)
rCorr   .            (no gloves)
SInv    +            (no boots)
Will    .....        i - amulet of reflection Stlth
                     c - ring of flight
HPRegen 0.26/turn    (no ring)
MPRegen 0.26/turn

%: reflection
@: confused, flying
A: antennae 1, foul stench 2, magic regeneration
a: no special abilities


You were on level 4 of the Dungeon.
You visited 1 branch of the dungeon, and saw 4 of its levels.

You collected 151 gold pieces.

Inventory:

Hand Weapons
 p - the +6 hand axe "Kienent" (weapon) {drain, rF+ Dex+3}
   (You found it on level 3 of the Dungeon)

   Dex:       It affects your dexterity (+3).
   rF:        It protects you from fire.
Missiles
 g - 46 stones
Armour
 k - a +2 leather armour of fire resistance
 o - the +6 scale mail of the Wheelwright (worn) {rN+ Int-2 SInv}
   (You found it on level 3 of the Dungeon)

   Int:       It affects your intelligence (-2).
   rN:        It protects you from negative energy.
   SInv:      It lets you see invisible.
 q - a +0 helmet
 t - a +2 leather armour of positive energy
Jewellery
 c - a ring of flight (left hand)
 i - an amulet of reflection (around neck)
Wands
 e - a wand of flame (24)
Scrolls
 d - 3 scrolls of teleportation {unknown}
 j - 3 scrolls of identify {unknown}
 l - a scroll of butterflies {unknown}
 m - a scroll of torment {unknown}
Potions
 a - a potion of flight {unknown}
 b - 2 potions of magic
 f - 2 potions of curing {unknown}
 h - 2 potions of might {unknown}
 n - a potion of degeneration {unknown}
 r - 2 potions of haste {unknown}
 s - a potion of ambrosia {unknown}


   Skills:
 - Level 1.7 Dodging
 - Level 1.7 Stealth
 + Level 4.3 Spellcasting
 - Level 7.0 Necromancy


You had 12 spell levels left.
You knew the following spells:

 Your Spells              Type           Power      Damage    Failure   Level
a - Necrotise             Necr           88%        1d8       11%         1

Your spell library contained the following spells:

 Spells                   Type           Power      Damage    Failure   Level
 Vampiric Draining        Necr           22%        2d7       32%         3
 Animate Dead             Necr           22%        N/A       71%         4
 Agony                    Necr           22%        N/A       96%         5
 Ozocubu's Armour         Ice            3%         N/A       99%         3
 Metabolic Englaciation   Hex/Ice        1%         N/A       100%        5
 Simulacrum               Ice/Necr       6%         N/A       100%        6


Dungeon Overview and Level Annotations

Branches:
Dungeon (4/15) Zot: 20837  Temple (0/1) D:4

Altars:
Sif Muna


Innate Abilities, Weirdness & Mutations

You have a pair of small antennae on your head.
You sometimes emit foul miasma when damaged in melee.
You regenerate magic rapidly.


Message History

You sense a monster nearby.
No target in view!
No target in view!
You swap places.
An orc wizard comes into view. It is wielding a +0 dagger.
Your kobold skeleton hits the orc wizard but does no damage.
The orc wizard writhes in agony.
The orc wizard casts a spell at you.
You are confused.
A two-headed ogre comes into view.
It is wielding a +0 dire flail and a +0 giant spiked club.
Your kobold skeleton closely misses the orc wizard.
You're too confused to cast spells.
You're too confused to cast spells.
You're too confused to cast spells.
You're too confused to cast spells.
Are you sure you want to stumble around while confused and next to your kobold skeleton? [Y]es or [N]o only, please.
Are you sure you want to stumble around while confused and next to your kobold skeleton?
Okay, then.
Are you sure you want to stumble around while confused and next to your kobold skeleton? [Y]es or [N]o only, please.
Are you sure you want to stumble around while confused and next to your kobold skeleton?
Your kobold skeleton barely misses the orc wizard.
Are you sure you want to stumble around while confused and next to your kobold skeleton?
You hit your kobold skeleton.
The kobold skeleton is severely damaged.
You closely miss the orc wizard.
The orc wizard hits you but does no damage.
The kobold skeleton hits you but does no damage.
Are you sure you want to stumble around while confused and next to your hobgoblin skeleton?
You hit your hobgoblin skeleton.
The hobgoblin skeleton is moderately damaged.
You miss the orc wizard. You hit the two-headed ogre.
You hit the kobold skeleton.
You destroy the kobold skeleton!
The two-headed ogre hits you with a +0 dire flail!!
The two-headed ogre hits you with a +0 giant spiked club!!
* * * LOW HITPOINT WARNING * * *
The orc wizard hits you with a +0 dagger.
You die...

.# ..# #.....# ....
#.....# ##....
#.....## ## ......
#...... .##....#
#.....#######
##...#
#.....##....###)oO#
#...†.#..).#.#.#@.+
#............#.Z..#
#......#..........#
#......##########+#
...........
...........
............
.#..........
#...........


You could see a two-headed ogre, an orc wizard and a hobgoblin skeleton.

Vanquished Creatures
  Eustachio (D:4)
  Natasha (thrice) (D:3)
  Robin (D:3)
  5 adders
  2 worms (D:2)
  3 dart slugs
  An orc (D:4)
  3 bats
  6 endoplasms
  6 giant cockroaches
  9 goblins
  7 hobgoblins
  A quokka (D:2)
  5 ball pythons
  A frilled lizard (D:2)
  6 kobolds
  4 rats
64 creatures vanquished.

Vanquished Creatures (collateral kills)
  A goblin (D:2)
  A hobgoblin (D:3)
  A ball python (D:1)
3 creatures vanquished.

Grand Total: 67 creatures vanquished

Notes
Turn   | Place    | Note
-------+----------+-------------------------------------------
     0 | D:1      | SacredBeard the Demonspawn Necromancer began the quest for
                  | the Orb.
     0 | D:1      | Reached XP level 1. HP: 13/13 MP: 3/3
   423 | D:1      | Gained mutation: You may rarely emit foul miasma when
                  | damaged in melee. [demonic ancestry]
   423 | D:1      | Reached XP level 2. HP: 19/19 MP: 3/5
   939 | D:2      | Reached skill level 5 in Necromancy
  1038 | D:2      | Reached XP level 3. HP: 21/24 MP: 1/6
  1291 | D:2      | Found a shimmering blue altar of Sif Muna.
  1976 | D:2      | Gained mutation: You sometimes emit foul miasma when
                  | damaged in melee. [demonic ancestry]
  1976 | D:2      | Reached XP level 4. HP: 30/30 MP: 5/8
  2441 | D:3      | Identified the +6 scale mail of the Wheelwright {rN+ Int-2
                  | SInv}
  2501 | D:3      | Found a faded altar of an unknown god.
  2510 | D:3      | Reached skill level 6 in Necromancy
  2553 | D:3      | Identified the +6 hand axe "Kienent" {drain, rF+ Dex+3}
  2640 | D:3      | Noticed Robin
  2650 | D:3      | Killed Robin
  2787 | D:3      | Noticed Natasha
  2792 | D:3      | Killed Natasha
  2793 | D:3      | Gained mutation: You have a pair of small antennae on your
                  | head. [demonic ancestry]
  2793 | D:3      | Reached XP level 5. HP: 34/35 MP: 9/9
  2795 | D:3      | Noticed Natasha
  2802 | D:3      | Killed Natasha
  2931 | D:3      | Noticed Natasha
  2936 | D:3      | Killed Natasha
  3066 | D:4      | Found a staircase to the Ecumenical Temple.
  3068 | D:4      | Noticed Eustachio
  3090 | D:4      | Killed Eustachio
  3091 | D:4      | Reached skill level 7 in Necromancy
  3091 | D:4      | Gained mutation: You regenerate magic rapidly. [demonic
                  | ancestry]
  3091 | D:4      | Reached XP level 6. HP: 37/41 MP: 7/12
  3152 | D:4      | Noticed a two-headed ogre
  3155 | D:4      | Slain by an orc wizard

Illustrated notes

Levels and vault maps discovered:
D:1:      onia_arrival_mini_maze_b, layout_basic, serial_forest,
          infiniplex_forest_lined_room_, infiniplex_forest_lined_room_2,
          infiniplex_forest_end_1, infiniplex_forest_lined_room_,
          infiniplex_forest_lined_2, infiniplex_forest_lined_1,
          infiniplex_forest_lined_room_
D:2:      layout_basic, basic_altar, minmay_worlds_worst_comb
D:3:      layout_basic, shapermc_ecumenical_altar_starsandcircs, uniq_robin,
          uniq_natasha
D:4:      layout_gridville, minmay_temple_entry_mini_moons, serial_shops, shop,
          gammafunk_ghost_smash, serial_bayou_pond_a, minmay_manual_monstrance,
          uniq_eustachio, uniq_blork_the_orc, uniq_grinder, uniq_menkaure

Skill      XL: |  1  2  3  4  5 |
---------------+----------------+-----
Necromancy     | 5 6 7 |  7.0
Spellcasting   | 3 4 |  4.3
Dodging        | |  1.7
Stealth        | |  1.7

Action                     |  1- 3 |  4- 6 || total
---------------------------+-------+-------++-------
  Melee: Unarmed           |     6 |       ||     6
         Whip              |    11 |       ||    11
         Hand axe          |       |    27 ||    27
   Cast: Necrotise         |    71 |    39 ||   110
 Armour: Robe              |     4 |       ||     4
         Leather armour    |     2 |       ||     2
         Scale mail        |       |    23 ||    23
  Dodge: Dodged            |    22 |     9 ||    31
  Block: Other             |     5 |     7 ||    12
         Reflection        |     1 |     1 ||     2
